[Event "DFMMLV 2019"]
[Site "Braunfels"]
[Date "2019.06.22"]
[Round "4.46"]
[White "Frank, Michelle Viviane"]
[Black "von Beckh, Frieda"]
[Result "1/2-1/2"]
[ECO "D51"]
[WhiteElo "1915"]
[BlackElo "1465"]
[Annotator "NA"]
[PlyCount "140"]
[EventDate "2019.06.20"]
[EventType "team-tourn"]
[EventCountry "GER"]
[SourceTitle "playchess.com"]
[Source "ChessBase"]
[SourceQuality "1"]
[WhiteTeam "Hessen 1"]
[BlackTeam "Hessen 2"]
[TimeControl "40/5400+30:1800+30"]

1. d4 d5 2. c4 e6 3. Nc3 Nf6 4. Bg5 Nbd7 5. cxd5 exd5 6. Qc2 Nb6 7. e3 Bb4 8. Bd3 h6 9. Bh4 Be6 10. Nge2 O-O 11. Nf4 Bd7 12. Nh5 Be7 13. Bxf6 Bxf6 14. Bf5 Bxf5 15. Qxf5 Bg5 16. Qc2 Re8 17. O-O Qd7 18. Ng3 Qc6 19. Rac1 a5 20. Qe2 Qc4 21. Qg4 Qb4 22. f4 Bf6 23. Nh5 Re6 24. f5 Rd6 25. Nxg7 Bg5 26. Nh5 Kh8 27. Nd1 Rg8 28. Qe2 Nc4 29. Rc3 a4 30. b3 axb3 31. axb3 Nxe3 32. Rxe3 Qxd4 33. Kh1 Bxe3 34. Qxe3 Qxe3 35. Nxe3 d4 36. Nc4 Ra6 37. Ne5 Rf8 38. g4 Rd6 39. Nc4 Rdd8 40. Nf4 Rfe8 41. Nd3 c5 42. Nxc5 d3 43. Rd1 d2 44. Rxd2 Rxd2 45. Nxd2 Re1+ 46. Kg2 Re2+ 47. Kg3 Rxd2 48. Nxb7 Rd3+ 49. Kf4 Rxb3 50. Nd6 Kg7 51. Ne4 Rh3 52. Nf2 Rxh2 53. Kg3 Rxf2 54. Kxf2 Kf6 55. Kg3 Kg5 56. Kf3 h5 57. gxh5 Kxh5 58. Ke4 Kg4 59. f6 Kg5 60. Kf3 Kxf6 61. Kf4 Ke6 62. Ke4 f5+ 63. Kf3 Ke5 64. Ke3 f4+ 65. Kf3 Kf5 66. Kf2 Ke4 67. Ke2 f3+ 68. Kf1 Ke3 69. Ke1 f2+ 70. Kf1 Kf3 1/2-1/2

[Event "DFMMLV 2019"]
[Site "Braunfels"]
[Date "2019.06.22"]
[Round "4.47"]
[White "Goetz, Fenja"]
[Black "Pralle, Katharina"]
[Result "*"]
[ECO "D00"]
[WhiteElo "1528"]
[BlackElo "1971"]
[Annotator "NA"]
[PlyCount "20"]
[EventDate "2019.06.20"]
[EventType "team-tourn"]
[EventCountry "GER"]
[SourceTitle "playchess.com"]
[Source "ChessBase"]
[SourceQuality "1"]
[WhiteTeam "Hessen 2"]
[BlackTeam "Hessen 1"]
[TimeControl "40/5400+30:1800+30"]

1. d4 d5 2. Bf4 Nf6 3. e3 e6 4. c4 Nbd7 5. Nc3 c6 6. Nf3 Be7 7. Be2 dxc4 8. Bxc4 b5 9. Bd3 a6 10. O-O Bb7 *

[Event "DFMMLV 2019"]
[Site "Braunfels"]
[Date "2019.06.22"]
[Round "4.47"]
[White "Biesdorf, Ina"]
[Black "Werner, Rosalie"]
[Result "1/2-1/2"]
[ECO "D00"]
[WhiteElo "1405"]
[BlackElo "1610"]
[Annotator "NA"]
[PlyCount "95"]
[EventDate "2019.06.20"]
[EventType "team-tourn"]
[EventCountry "GER"]
[SourceTitle "playchess.com"]
[Source "ChessBase"]
[SourceQuality "1"]
[WhiteTeam "Hessen 2"]
[BlackTeam "Hessen 1"]
[TimeControl "40/5400+30:1800+30"]

1. d4 d5 2. Bf4 Nf6 3. e3 e6 4. c4 Nbd7 5. Nc3 c6 6. Nf3 Be7 7. Be2 dxc4 8. Bxc4 b5 9. Bd3 a6 10. O-O Bb7 11. h3 c5 12. Be2 O-O 13. Ne5 Rc8 14. Qd3 cxd4 15. Qxd4 Bc5 16. Qd3 Qe7 17. Nxd7 Qxd7 18. Qxd7 Nxd7 19. Rfd1 Rfd8 20. Bd6 f6 21. Rac1 Bxd6 22. Rxd6 b4 23. Rcd1 bxc3 24. bxc3 Rc7 25. Rxe6 Kf7 26. Red6 Ke7 27. Bg4 Bc6 28. Re6+ Kf7 29. Rdd6 Bb5 30. Re4 Nc5 31. Rxd8 Nxe4 32. Bf5 Ng5 33. Rd6 g6 34. Bc2 Rxc3 35. Bb3+ Ke7 36. Rb6 Rc7 37. f4 Nf7 38. Re6+ Kf8 39. Rxf6 Kg7 40. Rxf7+ Rxf7 41. Bxf7 Kxf7 42. Kf2 Bc4 43. a3 Ke6 44. e4 Kd6 45. Ke3 Kc5 46. g4 Bf1 47. h4 Bh3 48. f5 1/2-1/2

[Event "DFMMLV 2019"]
[Site "Braunfels"]
[Date "2019.06.22"]
[Round "4.48"]
[White "Heymann-Lobzhanidze, Anna-Luise"]
[Black "Dixon Quiroz, Laura Michaela"]
[Result "1-0"]
[ECO "C50"]
[WhiteElo "1950"]
[BlackElo "1258"]
[Annotator "NA"]
[PlyCount "75"]
[EventDate "2019.06.20"]
[EventType "team-tourn"]
[EventCountry "GER"]
[SourceTitle "playchess.com"]
[Source "ChessBase"]
[SourceQuality "1"]
[WhiteTeam "Hessen 1"]
[BlackTeam "Hessen 2"]
[TimeControl "40/5400+30:1800+30"]

1. e4 e5 2. Bc4 Bc5 3. Nf3 Nc6 4. d3 d6 5. c3 h6 6. Bb3 Nf6 7. Nbd2 O-O 8. O-O a6 9. h3 Kh8 10. Re1 Nh7 11. g4 g6 12. Nf1 Kg7 13. Ng3 f6 14. Kg2 Ng5 15. d4 Nxf3 16. dxc5 Nxe1+ 17. Qxe1 dxc5 18. Qe3 g5 19. Nh5+ Kh8 20. Qxc5 Qe7 21. Be3 Be6 22. Qxe7 Nxe7 23. Bxe6 b6 24. Rd1 Rad8 25. Rxd8 Rxd8 26. Nxf6 Kg7 27. Nd5 Nxd5 28. exd5 Kf6 29. Kf3 Rd6 30. Ke4 a5 31. c4 Rd8 32. Bd2 Ra8 33. Bc3 Ra7 34. Bxe5+ Kg6 35. d6 cxd6 36. Bd4 Ra6 37. Bxb6 Kg7 38. Bd4+ {[%emt 0:14:15] a4 Kd5+ h5 Bc8+ Ra8 Bf5+ Kf7 Kxd6 hxg4 hxg4 Ra6+ Kc7 Ke7 c5 Ra7+ Kb8 Ra5 c6 Rb5+ Ka7 Kd6 Be4 Rb3 Bb6 Rxb2 c7 Kd7 Bf5+} 1-0

[Event "DFMMLV 2019"]
[Site "Braunfels"]
[Date "2019.06.22"]
[Round "4.49"]
[White "Zschischang, Marine"]
[Black "Zimmer, Elke"]
[Result "1-0"]
[ECO "D02"]
[WhiteElo "2060"]
[BlackElo "1926"]
[Annotator "NA"]
[PlyCount "57"]
[EventDate "2019.06.20"]
[EventType "team-tourn"]
[EventCountry "GER"]
[SourceTitle "playchess.com"]
[Source "ChessBase"]
[SourceQuality "1"]
[WhiteTeam "Niedersachsen Bremen"]
[BlackTeam "Saarland"]
[TimeControl "40/5400+30:1800+30"]

1. d4 d5 2. Nf3 Bf5 3. e3 Nf6 4. Ne5 e6 5. g4 Bg6 6. h4 h5 7. Nxg6 fxg6 8. g5 Ne4 9. Bd3 Qd6 10. Qf3 Qc6 11. O-O Bd6 12. Nd2 Nxd2 13. Bxg6+ Kd8 14. Bxd2 Qd7 15. Qf7 Qxf7 16. Bxf7 Ke7 17. Bg6 Nd7 18. f4 c5 19. c3 Raf8 20. Kg2 Nb6 21. b3 Nd7 22. Rae1 Rc8 23. Bb1 c4 24. e4 dxe4 25. Bxe4 b5 26. Bd5 Ba3 27. Rxe6+ Kd8 28. Ra6 Nb6 29. Be6 1-0

[Event "DFMMLV 2019"]
[Site "Braunfels"]
[Date "2019.06.22"]
[Round "4.50"]
[White "Noll, Sonja"]
[Black "Moenster, Madita"]
[Result "0-1"]
[ECO "B50"]
[WhiteElo "1777"]
[BlackElo "1994"]
[Annotator "NA"]
[PlyCount "40"]
[EventDate "2019.06.20"]
[EventType "team-tourn"]
[EventCountry "GER"]
[SourceTitle "playchess.com"]
[Source "ChessBase"]
[SourceQuality "1"]
[WhiteTeam "Saarland"]
[BlackTeam "Niedersachsen Bremen"]
[TimeControl "40/5400+30:1800+30"]

1. e4 c5 2. Nf3 d6 3. Bc4 Nf6 4. d3 g6 5. O-O Bg7 6. c3 O-O 7. Re1 e6 8. a3 d5 9. exd5 exd5 10. Ba2 Qc7 11. Bg5 Be6 12. Nbd2 Nbd7 13. Qa4 Nh5 14. Rac1 a6 15. d4 c4 16. Be7 Rfe8 17. Qb4 Qc6 18. Bb1 Rxe7 19. Qxe7 Bf6 20. Rxe6 fxe6 0-1

[Event "DFMMLV 2019"]
[Site "Braunfels"]
[Date "2019.06.22"]
[Round "4.51"]
[White "Aden, Dagmar"]
[Black "Ramm, Madlen"]
[Result "1/2-1/2"]
[ECO "B01"]
[WhiteElo "1855"]
[BlackElo "1733"]
[Annotator "NA"]
[PlyCount "80"]
[EventDate "2019.06.20"]
[EventType "team-tourn"]
[EventCountry "GER"]
[SourceTitle "playchess.com"]
[Source "ChessBase"]
[SourceQuality "1"]
[WhiteTeam "Niedersachsen Bremen"]
[BlackTeam "Saarland"]
[TimeControl "40/5400+30:1800+30"]

1. e4 d5 2. exd5 Qxd5 3. Nc3 Qd6 4. Bc4 Nf6 5. d4 c6 6. Nge2 Bg4 7. f3 Bf5 8. Bf4 Qb4 9. Bb3 e6 10. O-O Be7 11. Kh1 O-O 12. Ng3 Bg6 13. Nce4 Nd5 14. c3 Qb6 15. Bd2 Nd7 16. f4 Bxe4 17. Nxe4 N7f6 18. Nxf6+ Bxf6 19. Qg4 c5 20. Bxd5 exd5 21. dxc5 Qxb2 22. Rfd1 Qa3 23. Rab1 Qxc5 24. Rxb7 Rab8 25. Rbb1 Qa3 26. f5 Rxb1 27. Rxb1 Qxa2 28. Rd1 Qc4 29. Qf3 Re8 30. Rb1 Qe4 31. Qxe4 dxe4 32. Kg1 e3 33. Bxe3 Bxc3 34. Bxa7 Re1+ 35. Rxe1 Bxe1 36. Kf1 Bc3 37. Ke2 g6 38. fxg6 hxg6 39. Kf3 Kg7 40. Be3 Kf6 1/2-1/2

[Event "DFMMLV 2019"]
[Site "Braunfels"]
[Date "2019.06.22"]
[Round "4.52"]
[White "Fuchs, Emily"]
[Black "Wollscheid, Stefanie"]
[Result "0-1"]
[ECO "B21"]
[WhiteElo "1384"]
[BlackElo "1705"]
[Annotator "NA"]
[PlyCount "67"]
[EventDate "2019.06.20"]
[EventType "team-tourn"]
[EventCountry "GER"]
[SourceTitle "playchess.com"]
[Source "ChessBase"]
[SourceQuality "1"]
[WhiteTeam "Saarland"]
[BlackTeam "Niedersachsen Bremen"]
[TimeControl "40/5400+30:1800+30"]

1. e4 c5 2. d4 cxd4 3. c3 d6 4. cxd4 Qb6 5. Nc3 Nc6 6. Bb5 Bd7 7. Be3 Qd8 8. Nf3 a6 9. Be2 Nf6 10. O-O h6 11. h3 g5 12. e5 Nh7 13. exd6 exd6 14. d5 Ne7 15. Bd4 Rg8 16. Bd3 Nf5 17. Re1+ Be7 18. Ne4 Kf8 19. Qb3 b5 20. Bc3 g4 21. hxg4 Rxg4 22. Bb4 Kg8 23. Rac1 Nf8 24. Re2 Rc8 25. Rec2 Rxc2 26. Qxc2 Nh4 27. Nxh4 Rxh4 28. Bxd6 Bxd6 29. Nxd6 Qg5 30. Ne4 Qg7 31. Qc7 Rg4 32. Ng3 Rg5 33. d6 Rd5 34. Be4 0-1

[Event "DFMMLV 2019"]
[Site "Braunfels"]
[Date "2019.06.22"]
[Round "4.54"]
[White "Weinmann, Helene"]
[Black "Wenke, Andrea"]
[Result "1/2-1/2"]
[ECO "A41"]
[WhiteElo "1522"]
[BlackElo "1756"]
[Annotator "NA"]
[PlyCount "63"]
[EventDate "2019.06.20"]
[EventType "team-tourn"]
[EventCountry "GER"]
[SourceTitle "playchess.com"]
[Source "ChessBase"]
[SourceQuality "1"]
[WhiteTeam "Saarland"]
[BlackTeam "Niedersachsen Bremen"]
[TimeControl "40/5400+30:1800+30"]

1. d4 d6 2. Nf3 g6 3. c3 Bg7 4. e4 Bg4 5. Be2 c6 6. O-O Nf6 7. Nbd2 O-O 8. Bd3 Nbd7 9. Qc2 e5 10. h3 Be6 11. Re1 exd4 12. Nxd4 Ne5 13. Nxe6 fxe6 14. Be2 Nfd7 15. Nf3 Nxf3+ 16. Bxf3 Ne5 17. Be2 Qh4 18. Be3 d5 19. exd5 exd5 20. Rf1 Rf7 21. Bd4 a6 22. Bxe5 Bxe5 23. Bg4 Kg7 24. Rae1 Bd6 25. Re6 Bc5 26. Qe2 Qg5 27. Qe5+ Qxe5 28. Rxe5 Raf8 29. Re2 Re7 30. Rxe7+ Bxe7 31. Bf3 Rd8 32. Rd1 1/2-1/2

[Event "DFMMLV 2019"]
[Site "Braunfels"]
[Date "2019.06.22"]
[Round "4.55"]
[White "Luecke, Kristina"]
[Black "Alhassan, Jodi"]
[Result "1-0"]
[ECO "B90"]
[WhiteElo "1513"]
[BlackElo "1108"]
[Annotator "NA"]
[PlyCount "91"]
[EventDate "2019.06.20"]
[EventType "team-tourn"]
[EventCountry "GER"]
[SourceTitle "playchess.com"]
[Source "ChessBase"]
[SourceQuality "1"]
[WhiteTeam "Niedersachsen Bremen"]
[BlackTeam "Saarland"]
[TimeControl "40/5400+30:1800+30"]

1. e4 c5 2. Nf3 d6 3. d4 cxd4 4. Nxd4 Nf6 5. Nc3 a6 6. a4 Nc6 7. Be2 e6 8. O-O Be7 9. Be3 O-O 10. Qd2 Qc7 11. f4 e5 12. Nf5 Bxf5 13. exf5 e4 14. g4 Nb4 15. g5 Ne8 16. Nxe4 Qxc2 17. Qxb4 Qxe2 18. Rae1 Qg4+ 19. Ng3 Rb8 20. Ba7 Ra8 21. Qxb7 Rxa7 22. Qxa7 Bd8 23. Kg2 Nc7 24. Qd4 h6 25. h4 hxg5 26. hxg5 Bxg5 27. Qxd6 Bh4 28. Re3 Bxg3 29. Rxg3 Qe2+ 30. Rf2 Qe4+ 31. Kh2 Ne8 32. Qh6 Qxf5 33. Rfg2 Qf6 34. Rxg7+ Qxg7 35. Rxg7+ Nxg7 36. Qxa6 Rb8 37. Qe2 Rb4 38. a5 Rxf4 39. a6 Rh4+ 40. Kg1 Ra4 41. Qb5 Rg4+ 42. Kf2 Rf4+ 43. Ke3 Rh4 44. Qd7 Ne6 45. a7 Rh3+ 46. Kf2 1-0

[Event "DFMMLV 2019"]
[Site "Braunfels"]
[Date "2019.06.22"]
[Round "4.56"]
[White "Fett, Sabine"]
[Black "Evering, Kira"]
[Result "1-0"]
[ECO "C02"]
[WhiteElo "1684"]
[BlackElo "1332"]
[Annotator "NA"]
[PlyCount "43"]
[EventDate "2019.06.20"]
[EventType "team-tourn"]
[EventCountry "GER"]
[SourceTitle "playchess.com"]
[Source "ChessBase"]
[SourceQuality "1"]
[WhiteTeam "Schleswig Holstein"]
[BlackTeam "Niedersachsen Bremen"]
[TimeControl "40/5400+30:1800+30"]

1. e4 e6 2. d4 d5 3. e5 c5 4. c3 Qb6 5. Ne2 Nc6 6. g3 Nh6 7. Bh3 Qa5 8. O-O b5 9. Bxh6 gxh6 10. f4 Be7 11. Nd2 O-O 12. f5 exf5 13. Bxf5 Bg5 14. Bxc8 Raxc8 15. Nf3 Rfe8 16. Nxg5 hxg5 17. Qd3 cxd4 18. cxd4 Qb6 19. Rxf7 Kxf7 20. Qxh7+ Ke6 21. Qg6+ Kd7 22. Qd6# 1-0

[Event "DFMMLV 2019"]
[Site "Braunfels"]
[Date "2019.06.23"]
[Round "5.1"]
[White "Steinbacher, Claudia"]
[Black "Li, Zhuoling"]
[Result "0-1"]
[ECO "D95"]
[WhiteElo "2080"]
[BlackElo "2140"]
[Annotator "ChessBase"]
[PlyCount "91"]
[EventDate "2019.06.20"]
[EventType "team-tourn"]
[EventCountry "GER"]
[SourceTitle "playchess.com"]
[Source "ChessBase"]
[SourceQuality "1"]
[WhiteTeam "Sachsen"]
[BlackTeam "Wuerttemberg 1"]
[TimeControl "40/5400+30:1800+30"]

1. d4 Nf6 2. c4 g6 3. Nc3 d5 4. Nf3 Bg7 5. e3 O-O 6. Qb3 e6 7. Be2 c5 8. dxc5 Ne4 9. Nxe4 dxe4 10. Nd2 f5 11. Qc2 Na6 12. O-O Qc7 13. Rb1 Nb4 14. Qb3 a5 15. a3 Na6 16. Qc2 Nxc5 17. b4 axb4 18. axb4 Na4 19. Rb3 Bd7 20. Nb1 Rfc8 21. Ra3 Nb6 22. Rxa8 Rxa8 23. Bd2 Ba4 24. Qc1 Rc8 25. Na3 Bd7 26. Bc3 Be8 27. Bxg7 Qxg7 28. Qd2 Ra8 29. Qd6 Na4 30. Nb5 Nc3 31. Nxc3 Qxc3 32. Rd1 Bf7 33. h3 Ra1 34. Qd4 {[%emt 0:00:00] Kg7 Qxc3+} Ra2 35. Kf1 {[%emt 0:01:43] Kf6 Ke1+} h5 36. c5 Rb2 37. b5 Be8 38. b6 Bc6 39. Bc4 Rc2 40. Bb3 {[%emt 0:00:00] Rxc3 Ba2} h4 {[%emt 0:00:00] Kd2 Ra3} 41. Bc4 f4 42. Re1 f3 43. g3 hxg3 44. fxg3 f2 45. Rb1 {[%emt 0:03:23] Rc3 Ke2} Bb5 46. Rxb5 {[%emt 0:00:50] Rc2+ Kf1} 0-1

[Event "DFMMLV 2019"]
[Site "Braunfels"]
[Date "2019.06.23"]
[Round "5.2"]
[White "Meier, Annemarie"]
[Black "Arnhold, Steffi"]
[Result "1/2-1/2"]
[ECO "A05"]
[WhiteElo "2267"]
[BlackElo "1996"]
[Annotator "NA"]
[PlyCount "58"]
[EventDate "2019.06.20"]
[EventType "team-tourn"]
[EventCountry "GER"]
[SourceTitle "playchess.com"]
[Source "ChessBase"]
[SourceQuality "1"]
[WhiteTeam "Wuerttemberg 1"]
[BlackTeam "Sachsen"]
[TimeControl "40/5400+30:1800+30"]

1. Nf3 Nf6 2. c4 c5 3. Nc3 b6 4. e4 Bb7 5. e5 Ng8 6. Bd3 g6 7. Be4 Bxe4 8. Nxe4 Nc6 9. Qe2 Bg7 10. O-O Nxe5 11. Re1 d6 12. d4 Nc6 13. Bf4 Kf8 14. d5 Nd4 15. Nxd4 Bxd4 16. Rad1 Kg7 17. h3 Nf6 18. Ng5 Re8 19. Qd2 Nh5 20. Bh2 Kg8 21. g4 Ng7 22. Nf3 e5 23. Qh6 f6 24. b3 Re7 25. Bg3 Qf8 26. Qd2 Rae8 27. Kg2 Rd8 28. Re2 Rf7 29. Rde1 Rdd7 1/2-1/2

[Event "DFMMLV 2019"]
[Site "Braunfels"]
[Date "2019.06.23"]
[Round "5.3"]
[White "Daemering, Katrin"]
[Black "Mira, Helene"]
[Result "1/2-1/2"]
[ECO "C50"]
[WhiteElo "2003"]
[BlackElo "2029"]
[Annotator "NA"]
[PlyCount "42"]
[EventDate "2019.06.20"]
[EventType "team-tourn"]
[EventCountry "GER"]
[SourceTitle "playchess.com"]
[Source "ChessBase"]
[SourceQuality "1"]
[WhiteTeam "Sachsen"]
[BlackTeam "Wuerttemberg 1"]
[TimeControl "40/5400+30:1800+30"]

1. e4 e5 2. Nf3 Nc6 3. Bc4 Nf6 4. Nc3 Bc5 5. O-O d6 6. h3 a6 7. Re1 O-O 8. a3 Nh5 9. Nd5 h6 10. c3 Ba7 11. d4 exd4 12. cxd4 Nf6 13. Nc3 Ne7 14. Bd3 Ng6 15. Be3 Nh7 16. Rc1 c6 17. Bb1 Kh8 18. Qd2 Qf6 19. e5 dxe5 20. dxe5 Bxe3 21. Rxe3 Qe7 1/2-1/2

[Event "DFMMLV 2019"]
[Site "Braunfels"]
[Date "2019.06.23"]
[Round "5.4"]
[White "Gheng, Simona"]
[Black "Nagel, Verena"]
[Result "1-0"]
[ECO "B00"]
[WhiteElo "1991"]
[BlackElo "2029"]
[Annotator "NA"]
[PlyCount "73"]
[EventDate "2019.06.20"]
[EventType "team-tourn"]
[EventCountry "GER"]
[SourceTitle "playchess.com"]
[Source "ChessBase"]
[SourceQuality "1"]
[WhiteTeam "Wuerttemberg 1"]
[BlackTeam "Sachsen"]
[TimeControl "40/5400+30:1800+30"]

1. e4 d6 2. d4 Nf6 3. Nd2 Nbd7 4. Ngf3 e5 5. c3 Be7 6. Bc4 O-O 7. O-O c6 8. Bb3 b6 9. Re1 Bb7 10. Nf1 Qc7 11. Ng3 Rae8 12. Nf5 g6 13. Nh6+ Kg7 14. Ng5 d5 15. Nhxf7 Bd6 16. exd5 cxd5 17. Nxd6 Qxd6 18. dxe5 Rxe5 19. Rxe5 Qxe5 20. Bf4 Qe7 21. Qd4 Re8 22. h3 Nc5 23. Rd1 Qe2 24. Be3 h6 25. Nf3 Nxb3 26. axb3 Re4 27. Qd2 Qxd2 28. Nxd2 Re7 29. Ra1 Bc6 30. Bd4 Kf7 31. Nf3 Be8 32. Ne5+ Ke6 33. f3 Nh5 34. Ng4 Rh7 35. Re1+ Kd7 36. Re5 Bf7 37. Rxh5 1-0

[Event "DFMMLV 2019"]
[Site "Braunfels"]
[Date "2019.06.23"]
[Round "5.5"]
[White "Just, Anita"]
[Black "Zeller, Elisa"]
[Result "1/2-1/2"]
[ECO "C18"]
[WhiteElo "1866"]
[BlackElo "1953"]
[Annotator "NA"]
[PlyCount "111"]
[EventDate "2019.06.20"]
[EventType "team-tourn"]
[EventCountry "GER"]
[SourceTitle "playchess.com"]
[Source "ChessBase"]
[SourceQuality "1"]
[WhiteTeam "Sachsen"]
[BlackTeam "Wuerttemberg 1"]
[TimeControl "40/5400+30:1800+30"]

1. e4 e6 2. d4 d5 3. Nc3 Bb4 4. e5 c5 5. a3 Bxc3+ 6. bxc3 Ne7 7. Qg4 O-O 8. Nf3 Nbc6 9. Bd3 f5 10. exf6 Rxf6 11. Bg5 Rf7 12. Qg3 {[%emt 0:04:56] C18: French: 3 Nc3 Bb4: Main line: 7 h4 and 7 Qg4} (12. Qh5 g6 13. Qh4 Qa5 14. Bd2 c4 15. Be2 Nf5 16. Qg5 Nd6 17. h4 Ne4 18. Qe3 e5 19. dxe5 Qc7 20. h5 Nxe5 {½-½ (33) Santos Latasa,J (2524)-Fernandez Romero,E (2492) Linares 2017}) 12... c4 13. Be2 Qe8 $146 ({Predecessor:} 13... Qa5 14. Bd2 h6 15. Nh4 Rf6 16. Rd1 Bd7 17. O-O Raf8 18. Rfe1 Kh7 {1-0 (31) Mardell,J (2130)-Willinger,T (2146) Sweden 2018}) 14. Bxe7 Rxe7 15. Ne5 Nxe5 16. Qxe5 Qg6 17. O-O Qf6 18. f4 Bd7 19. a4 Rf8 20. g3 Qxe5 21. fxe5 Rxf1+ 22. Kxf1 Be8 23. Bg4 Bg6 24. Rc1 Kf8 25. Ke2 Ke8 26. Kd2 Kd7 27. Rb1 Kc7 28. a5 h5 29. Bh3 Be4 30. Rb5 g5 31. Rc5+ Kb8 32. Bf1 Rf7 33. Be2 g4 34. a6 Rc7 35. Rb5 b6 36. Rb1 Rf7 37. Rf1 Rxf1 38. Bxf1 Kc7 39. h3 b5 40. hxg4 hxg4 41. Be2 Bf5 42. Ke3 Kb6 43. Kf4 Kxa6 44. Bxg4 Bxg4 45. Kxg4 Kb6 46. Kh5 a5 47. g4 b4 (47... a4 $5 48. g5 $8 a3 $11) 48. cxb4 $11 axb4 49. g5 b3 50. cxb3 cxb3 51. g6 b2 52. g7 b1=Q 53. g8=Q Qf5+ 54. Qg5 Qh7+ 55. Qh6 Qf5+ 56. Qg5 1/2-1/2

[Event "DFMMLV 2019"]
[Site "Braunfels"]
[Date "2019.06.23"]
[Round "5.6"]
[White "Heil, Marina"]
[Black "Lowke, Kathrin"]
[Result "1-0"]
[ECO "B20"]
[WhiteElo "1979"]
[BlackElo "1887"]
[Annotator "NA"]
[PlyCount "81"]
[EventDate "2019.06.20"]
[EventType "team-tourn"]
[EventCountry "GER"]
[SourceTitle "playchess.com"]
[Source "ChessBase"]
[SourceQuality "1"]
[WhiteTeam "Wuerttemberg 1"]
[BlackTeam "Sachsen"]
[TimeControl "40/5400+30:1800+30"]

1. e4 c5 2. d3 Nc6 3. f4 e6 4. Nf3 Nge7 5. Be2 d5 6. c3 g6 7. Be3 Bg7 8. Bxc5 b6 9. Bf2 O-O 10. Na3 Ba6 11. e5 Rc8 12. Qa4 Bb7 13. Nb5 a5 14. O-O Rb8 15. Qd1 Ba6 16. Na3 b5 17. Nc2 b4 18. c4 dxc4 19. dxc4 Qxd1 20. Rfxd1 b3 21. Ncd4 bxa2 22. Rxa2 Rb4 23. b3 Rfb8 24. Be1 Rxb3 25. Nxb3 Rxb3 26. Bxa5 Bb7 27. Bc7 Bh6 28. g3 Nb4 29. Nd4 Nxa2 30. Nxb3 Nc6 31. Na5 Nc3 32. Nxb7 Nxe2+ 33. Kf2 Ned4 34. Ra1 g5 35. Ra8+ Kg7 36. Ke3 Nf5+ 37. Ke4 gxf4 38. gxf4 Nce7 39. Nd6 Ng6 40. Ne8+ Kf8 41. Nf6+ 1-0

[Event "DFMMLV 2019"]
[Site "Braunfels"]
[Date "2019.06.23"]
[Round "5.7"]
[White "von Keyserlingk, Chanda"]
[Black "Valkova, Anzhelika"]
[Result "0-1"]
[ECO "A50"]
[WhiteElo "1702"]
[BlackElo "1944"]
[Annotator "NA"]
[PlyCount "100"]
[EventDate "2019.06.20"]
[EventType "team-tourn"]
[EventCountry "GER"]
[SourceTitle "playchess.com"]
[Source "ChessBase"]
[SourceQuality "1"]
[WhiteTeam "Sachsen"]
[BlackTeam "Wuerttemberg 1"]
[TimeControl "40/5400+30:1800+30"]

1. d4 Nf6 2. c4 g6 3. Nc3 Bg7 4. e4 d6 5. f3 O-O 6. Be3 e5 7. d5 c6 8. Qd2 cxd5 9. cxd5 Na6 10. Bd3 Ne8 11. Nge2 f5 12. O-O f4 13. Bf2 Rf7 14. a3 Bf8 15. Rac1 g5 16. Nb5 b6 17. b4 h5 18. Kh1 g4 19. Qe1 Be7 20. Rxc8 Qxc8 21. Bh4 Nac7 22. Bxe7 Rxe7 23. Qh4 Rg7 24. Nbc3 Qd7 25. Qxh5 g3 26. h3 Nf6 27. Qf5 Qxf5 28. exf5 Kf8 29. Nb5 Nxb5 30. Bxb5 Nxd5 31. Rd1 Nc7 32. Bc6 Rd8 33. Nc3 d5 34. b5 Rf7 35. f6 Rxf6 36. Ne4 Rg6 37. Kg1 Ke7 38. Nc3 d4 39. Ne4 Nd5 40. Bxd5 Rxd5 41. a4 d3 42. Kf1 Rg8 43. Rc1 d2 44. Rd1 Rgd8 45. Ke2 Rd4 46. Nxd2 Rxa4 47. Ne4 Ra2+ 48. Rd2 Rdxd2+ 49. Nxd2 Rb2 50. Kd3 Rxb5 {[%emt 0:00:07] Kd4} 0-1

[Event "DFMMLV 2019"]
[Site "Braunfels"]
[Date "2019.06.23"]
[Round "5.8"]
[White "Noppes, Marina"]
[Black "Gottschall, Ina"]
[Result "1/2-1/2"]
[ECO "E91"]
[WhiteElo "1983"]
[BlackElo "1637"]
[Annotator "NA"]
[PlyCount "67"]
[EventDate "2019.06.20"]
[EventType "team-tourn"]
[EventCountry "GER"]
[SourceTitle "playchess.com"]
[Source "ChessBase"]
[SourceQuality "1"]
[WhiteTeam "Wuerttemberg 1"]
[BlackTeam "Sachsen"]
[TimeControl "40/5400+30:1800+30"]

1. d4 Nf6 2. Nf3 g6 3. c4 Bg7 4. Nc3 O-O 5. e4 d6 6. Be2 c5 7. d5 a6 8. O-O Bg4 9. Rb1 Bxf3 10. Bxf3 b5 11. cxb5 axb5 12. Nxb5 Rxa2 13. Na3 Qb6 14. Qc2 Nbd7 15. Bd2 Rb8 16. Bc3 Ne8 17. Nc4 Qb3 18. Qxb3 Rxb3 19. Na5 Rb6 20. Nc6 Bxc3 21. bxc3 e6 22. h3 Rc2 23. Rxb6 Nxb6 24. Rb1 Nd7 25. dxe6 fxe6 26. Bg4 Ndf6 27. Bxe6+ Kg7 28. c4 Nxe4 29. Rb7+ Kh6 30. Rf7 Ng5 31. Re7 Nxe6 32. Rxe6 Ng7 33. Re4 Nf5 34. g4 1/2-1/2

[Event "DFMMLV 2019"]
[Site "Braunfels"]
[Date "2019.06.23"]
[Round "5.9"]
[White "Malachowski, Margrit"]
[Black "Khrapko, Marharyta"]
[Result "0-1"]
[ECO "A21"]
[WhiteElo "2080"]
[BlackElo "2074"]
[Annotator "NA"]
[PlyCount "80"]
[EventDate "2019.06.20"]
[EventType "team-tourn"]
[EventCountry "GER"]
[SourceTitle "playchess.com"]
[Source "ChessBase"]
[SourceQuality "1"]
[WhiteTeam "Baden"]
[BlackTeam "Bayern 1"]
[TimeControl "40/5400+30:1800+30"]

1. Nf3 d6 2. g3 e5 3. d3 Be7 4. Bg2 f5 5. c4 Nf6 6. Nc3 c6 7. O-O Na6 8. e3 O-O 9. a3 Qe8 10. b4 Qh5 11. Nd2 Qh6 12. f4 e4 13. Re1 d5 14. cxd5 cxd5 15. d4 Be6 16. Qb3 Nc7 17. a4 b5 18. Nxb5 Nxb5 19. axb5 Rfb8 20. Ba3 Bd7 21. Bf1 Bxb5 22. Bxb5 Rxb5 23. Qc3 Ng4 24. Nf1 Qb6 25. h3 Nf6 26. Rec1 Bxb4 27. Bxb4 Rxb4 28. Qa3 a5 29. Rc5 a4 30. Qc3 Rb1 31. Rxb1 Qxb1 32. Qa3 Qb7 33. Rc3 Qd7 34. Qb4 Ne8 35. Nd2 Nd6 36. Nb1 Nb5 37. Rc2 a3 38. Ra2 Qc6 39. Kg2 Qc4 40. Qd2 Qb3 0-1